 Dungeon Crawl Stone Soup version 0.30-a0-168-g0b976cbdc4 (webtiles) character file.

Game seed: 15799245501507228264

114 gnomenasai the Trooper (level 4, -2/45 HPs)
             Began as a Troll Gladiator on Sept 30, 2022.
             Was a Follower of Okawaru.
             Slain by Pargi (5 damage)
             ... in a sewer.
             The game lasted 00:06:29 (1643 turns).

gnomenasai the Trooper (Troll Gladiator)            Turns: 1643, Time: 00:06:29

Health: -2/45      AC:  4    Str: 24    XL:     4   Next: 67%
Magic:  1/3        EV: 12    Int:  4    God:    Okawaru [*.....]
Gold:   121        SH:  0    Dex: 11    Spells: 3/3 levels left

rFire   . . .      SeeInvis +    a - +0 war axe
rCold   . . .      Faith    .    (no shield)
rNeg    . . .      Spirit   .    b - +0 robe
rPois   .          Reflect  .    c - +0 hat
rElec   .          Harm     .    (no cloak)
rCorr   .          Rampage  .    (gloves unavailable)
Will    .....                    (boots unavailable)
Stlth   +++.......               (no amulet)
HPRegen 0.95/turn                k - ring of see invisible
MPRegen 0.08/turn                (no ring)

@: heroic, very slow
A: large, unfitting armour, claws 3, regeneration 1, shaggy fur 1, tough skin 1
a: Renounce Religion, Heroism


You were in a sewer.
You worshipped Okawaru.
Okawaru was aware of your devotion.
You visited 1 branch of the dungeon, and saw 3 of its levels.
You also visited: Sewer.

You collected 121 gold pieces.

Inventory:

Hand Weapons
 a - a +0 war axe (weapon)
Missiles
 d - 3 throwing nets (quivered)
 e - a large rock
 u - 4 atropa-tipped darts
Armour
 b - a +0 robe (worn)
 c - a +0 hat (worn)
Jewellery
 k - a ring of see invisible (left claw)
Scrolls
 f - a scroll of enchant armour {unknown}
 h - 4 scrolls of fear {unknown}
 m - 2 scrolls of butterflies {unknown}
 n - 2 scrolls of teleportation {unknown}
 o - 2 scrolls of identify {unknown}
 q - a scroll of brand weapon {unknown}
 r - 2 scrolls of blinking {unknown}
 s - a scroll of noise {unknown}
 t - a scroll of immolation {unknown}
 v - 3 scrolls of magic mapping {unknown}
Potions
 g - a potion of brilliance {unknown}
 i - a potion of ambrosia {unknown}
 j - 2 potions of heal wounds {unknown}
 l - a potion of degeneration {unknown}
 p - a potion of curing {unknown}


   Skills:
 + Level 3.5(8.5) Fighting
 - Level 2.5(7.5) Axes
 - Level 1.7(6.7) Throwing
 - Level 2.5(7.5) Dodging
 + Level 1.0(6.0) Stealth


You had 3 spell levels left.
You didn't know any spells.
Your spell library contained the following spells:

 Spells                   Type           Power      Damage    Failure   Level
 Dazzling Flash           Conj/Hex       0%         N/A       86%         3
 Agony                    Necr           0%         N/A       100%        5
 Silence                  Hex/Air        0%         N/A       100%        5


Dungeon Overview and Level Annotations

Branches:
Dungeon (3/15)              Sewer (1/1)

Altars:
Okawaru

Annotations:
Sewer Pargi


Innate Abilities, Weirdness & Mutations

You are too large for most types of armour.
You have claws for hands.
Your natural rate of healing is unusually fast.
You are covered in fur. (AC +1)
You have tough skin. (AC +1)


Message History

Pargi the Meek comes into view.
Pargi hisses menacingly.
You enter the shallow water.
Moving in this stuff is going to be slow.
Found 16 gold pieces and a coppery potion.
You slash Pargi!
Pargi is moderately wounded.
Pargi bites you. Pargi closely misses you. Pargi claws you.
You hit Pargi but do no damage.
Pargi is moderately wounded.
Pargi bites you. Pargi claws you. Pargi claws you but does no damage.
You miss Pargi.
Pargi is moderately wounded.
Pargi bites you. Pargi claws you but does no damage. Pargi claws you.
Pargi looks very sad for a moment.
Pargi bites you. Pargi claws you but does no damage. Pargi claws you.
You slash Pargi!
Pargi is heavily wounded.
Pargi bites you. Pargi barely misses you. Pargi claws you but does no damage.
You gain the combat prowess of a mighty hero.
Pargi bites you. Pargi claws you but does no damage. Pargi closely misses you.
You slash Pargi!
Pargi is almost dead.
Pargi bites you. Pargi barely misses you. Pargi claws you.
You barely miss Pargi.
Pargi is almost dead.
Pargi bites you. Pargi claws you. Pargi claws you but does no damage.
You hit Pargi.
Pargi is almost dead.
Pargi bites you. Pargi claws you.
* * * LOW HITPOINT WARNING * * *
Pargi claws you but does no damage. Pargi bites you!
* * * LOW HITPOINT WARNING * * *
Pargi claws you.
* * * LOW HITPOINT WARNING * * *
Pargi claws you but does no damage.
You barely miss Pargi.
Pargi is almost dead.
Pargi bites you.
You die...

≈≈≈≈≈ ≈≈≈≈≈≈≈ ≈≈≈≈≈≈≈
≈≈≈≈≈≈~ ≈≈≈≈≈≈.## #
≈≈≈≈≈≈≈~. ##
≈≈≈≈≈≈≈~#######! #.
≈≈≈≈≈≈≈≈@T~.~.~~ ##
≈≈≈≈≈≈≈.#######$
≈≈≈≈≈≈≈.# ≈≈≈≈≈≈≈~##
≈≈≈≈≈≈≈~.# ≈≈≈≈≈≈≈≈~### #
#≈≈≈≈≈≈≈≈.~### ###
#≈≈≈≈≈≈≈≈≈≈..#### ###~~
#≈≈≈≈≈≈≈≈≈≈≈≈...#####.#.≈


You could see Pargi.

Vanquished Creatures
  3 adders
  A gnoll (D:1)
  A river rat (D:3)
  2 dart slugs
  8 bats
  5 endoplasms
  3 giant cockroaches
  5 goblins
  3 hobgoblins
  5 kobolds
  3 quokkas
  7 ball pythons
  6 frilled lizards
  13 rats
65 creatures vanquished.

Notes
Turn   | Place    | Note
-------+----------+-------------------------------------------
     0 | D:1      | gnomenasai the Troll Gladiator began the quest for the Orb.
     0 | D:1      | Reached XP level 1. HP: 19/19 MP: 0/0
    60 | D:1      | Found a faded altar of an unknown god.
    71 | D:1      | Prayed at the altar of an unknown god.
    71 | D:1      | Became a worshipper of Warmaster Okawaru
    71 | D:1      | Reached * piety under Okawaru
   172 | D:1      | Reached skill level 2 in Fighting
   180 | D:1      | Reached XP level 2. HP: 28/28 MP: 1/1
   317 | D:1      | Reached XP level 3. HP: 6/36 MP: 2/2
   955 | D:2      | Reached skill level 3 in Fighting
  1297 | D:2      | Reached XP level 4. HP: 44/45 MP: 3/3
  1589 | D:3      | Reached skill level 1 in Stealth
  1593 | D:3      | Found a glowing drain.
  1597 | Sewer    | Entered a sewer
  1633 | Sewer    | Noticed Pargi
  1642 | Sewer    | HP: 2/45 [Pargi (1)]
  1643 | Sewer    | Slain by Pargi

Illustrated notes

Levels and vault maps discovered:
D:1:      dpeg_arrival_tiny_i, layout_basic, basic_ecumenical_altar
D:2:      layout_basic, minmay_joined_circles
D:3:      layout_basic, gup_sewer_entry_spiral, uniq_natasha, uniq_terence
Sewer:    sewer_co_pargi_island

Skill      XL: |  1  2  3  4 |
---------------+-------------+-----
Fighting       | 2 3 |  3.5
Stealth        | 1 |  1.0
Axes           | |  2.5
Throwing       | |  1.7
Dodging        | |  2.5

Action                   |  1- 3 |  4- 6 || total
-------------------------+-------+-------++-------
Melee: War axe           |   145 |    55 ||   200
       Punch             |     2 |       ||     2
Invok: Heroism           |       |     1 ||     1
 Stab: Sleeping          |     4 |     1 ||     5
Armor: Robe              |    71 |    28 ||    99
Dodge: Dodged            |    98 |    38 ||   136

Table legend: (Time is in decaauts)
 A = Elapsed time spent in this place.
 B = Non-inter-level travel time spent in this place.
 C = Inter-level travel time spent in this place.
 D = Time resting spent in this place.
 E = Time spent auto-exploring this place.
 F = Levels seen in this place.
 G = Mean time per level.
                   A        B        C        D        E       F      G
               +--------+--------+--------+--------+--------+-----+--------+
         Total |   1748 |   1732 |     16 |    121 |    886 |   4 |  437.0 |
       Dungeon |   1689 |   1673 |     16 |    121 |    886 |   3 |  563.0 |
         Sewer |     58 |     58 |      0 |      0 |      0 |   1 |   58.0 |
               +--------+--------+--------+--------+--------+-----+--------+

Top non-repeatable levels by time:
     D:1: 777 daAuts
     D:2: 722 daAuts
     D:3: 189 daAuts
   Sewer: 58 daAuts
